 Dungeon Crawl Stone Soup version 0.17-a0-957-ga3519be (webtiles) character file.

9353 oplop the Grappler (level 11, -6/109 HPs)
             Began as a Troll Transmuter on May 7, 2015.
             Was an Elder of Cheibriados.
             Mangled by ImmaFairy's ghost (20 damage)
             ... on level 9 of the Dungeon.
             The game lasted 00:20:18 (7293 turns).

oplop the Grappler (Troll Transmuter)               Turns: 7293, Time: 00:20:18

Health: -6/109     AC: 15    Str: 35    XL:     11   Next: 21%
Magic:  9/15       EV: 16    Int: 20    God:    Cheibriados [****..]
Gold:   505        SH:  0    Dex: 22    Spells: 2 memorised, 11 levels left

rFire  . . .     SeeInvis .       - Unarmed
rCold  + . .     Clarity  .     R - +2 robe {rC+}
rNeg   . . .     SustAb   .     (no shield)
rPois  .         Gourm    +     S - +2 hat
rElec  .         Spirit   .     U - +0 cloak
rCorr  .         Warding  .     (gloves unavailable)
rMut   .         Stasis   .     (boots unavailable)
MR     .....                    (no amulet)
Stlth  ++........               D - +5 ring of strength
                                C - +5 ring of protection

@: very slow, not resistant to hostile enchantments, unstealthy
A: unfitting armour, claws 3, fast metabolism 3, gourmand, regeneration 2,
shaggy fur 1, tough skin 2
a: Bend Time, Temporal Distortion, Slouch, Renounce Religion


You were on level 9 of the Dungeon.
You worshipped Cheibriados.
Cheibriados was greatly pleased with you.
You were very full.

You visited 2 branches of the dungeon, and saw 10 of its levels.

You collected 505 gold pieces.

Inventory:

Missiles
 a - 162 arrows
 k - 16 tomahawks (quivered)
 H - 4 silver tomahawks
Armour
 b - a +0 robe
 R - a +2 robe of cold resistance (worn)
 S - a +2 hat (worn)
 U - a +0 cloak (worn)
Jewellery
 n - an uncursed ring of ice
 C - a +5 ring of protection (left claw)
 D - a +5 ring of strength (right claw)
Magical devices
 u - a wand of heal wounds (0)
 L - a wand of confusion (25)
 N - a wand of frost (39)
Scrolls
 e - a scroll of enchant armour
 f - 6 scrolls of identify
 h - 4 scrolls of remove curse
 i - a scroll of enchant weapon
 o - a scroll of fog
 t - a scroll of magic mapping
 v - 5 scrolls of teleportation {unknown}
 x - 4 scrolls of recharging {unknown}
 y - a scroll of blinking {unknown}
 F - 2 scrolls of noise {unknown}
 G - 5 scrolls of immolation {unknown}
 M - a scroll of random uselessness {unknown}
 T - a scroll of fear {unknown}
 V - a scroll of amnesia {unknown}
Potions
 g - a potion of invisibility
 l - 2 potions of might {unknown}
 m - 3 potions of lignification
 p - 3 potions of magic {unknown}
 q - 2 potions of degeneration {unknown}
 r - 2 potions of heal wounds {unknown}
 s - a potion of poison {unknown}
 z - a potion of agility {unknown}
 A - 4 potions of haste {unknown}
 B - a potion of ambrosia {unknown}
 I - a potion of berserk rage {unknown}
 J - 2 potions of flight {unknown}
 K - 2 potions of cancellation {unknown}
Books
 c - a book of Changes

   Spells                             Type                      Level
   a - Beastly Appendage              Transmutation                1
   b - Sticks to Snakes               Transmutation                2
   c - Spider Form                    Transmutation/Poison         3
   d - Ice Form                       Ice/Transmutation            4
   e - Blade Hands                    Transmutation                5
Comestibles
 d - 6 bread rations
 j - 3 meat rations
 w - 8 slices of pizza
 O - 2 royal jellies
 P - 2 beef jerkies
 Q - 9 fruits


   Skills:
 - Level 7.6 Fighting
 - Level 7.6 Dodging
 - Level 9.3 Unarmed Combat
 * Level 2.1 Spellcasting
 * Level 2.4 Transmutations
 + Level 7.0 Invocations


You had 11 spell levels left.
You knew the following spells:

 Your Spells              Type           Power        Failure   Level  Hunger
a - Beastly Appendage     Trmt           ##....       6%          1    #......
b - Sticks to Snakes      Trmt           ##........   10%         2    ##.....


Dungeon Overview and Level Annotations

Branches:
Dungeon (9/15)             Temple (1/1) D:4            Lair (0/8) D:8
    Orc: D:9-12

Altars:
Ashenzari
Cheibriados
Dithmenos
Elyvilon
Fedhas
Gozag
Kikubaaqudgha
Makhleb
Nemelex Xobeh
Okawaru
Qazlal
Ru
Sif Muna
Trog
Vehumet
Xom
Yredelemnul
Zin

Shops:
D:2 **   D:6 (   D:7 *

Annotations:
D:9 ImmaFairy's ghost, experienced FoTm


Innate Abilities, Weirdness & Mutations

You are too large for most types of armour.
You have claws for hands.
Your metabolism is lightning-fast.
You like to eat raw meat.
You heal very quickly.
You are covered in fur (AC +1).
You have very tough skin (AC +2).


Message History

Your horns disappear.
ImmaFairy's ghost misses you.
Read which item? (? for menu, Esc to quit)
As you read the scroll labeled PAPELEE BIYTOU, it crumbles to dust.
The scroll dissolves into smoke.
It was a scroll of fog.
ImmaFairy's ghost hits you!
* * * LOW HITPOINT WARNING * * *
Read which item? (? for menu, Esc to quit)
As you read the scroll labeled YFRIRULAQO, it crumbles to dust.
You feel aware of your surroundings.
You sensed 1 altar.
It was a scroll of magic mapping.
ImmaFairy's ghost hits you!
* * * LOW HITPOINT WARNING * * *
Read which item? (? for menu, Esc to quit)
Okay, then.
Drink which item? (? for menu, Esc to quit)
You feel better. ImmaFairy's ghost barely misses you.
Use which ability? (? or * to list)
You can't do that.
ImmaFairy's ghost hits you!!
You die...

#........# ##.⌠..P...#
*....P≈P..# ######....P≈P..#
#.......#..P§..#
#######......##'§§§§.####******
#...........##_##§§§§....,>,,,**
#............###§§§.#####****,,**
#.....÷....#..#§@W§.# **,,,
######..#####(§§§§### **** #..###
#####.#*###** ##...#### #...,...*
##...).# #####*#.#* #####
###.#.## #..#*##.... #.#..#
*#..##..### #.##.## *#..#.###
#.##..## ##.....##


You could see ImmaFairy's ghost.

Vanquished Creatures
  Gastronok (D:8)
  The ghost of Pikaro the Carver, an experienced DgWn (D:7)
  Pikel (D:8)
  Maurice (D:8)
  Joseph (D:8)
  The ghost of oplop the Changer, an average OpTm (D:5)
  Sigmund (D:3)
  2 yaks (D:7)
  A hog (D:7)
  12 killer bees (D:8)
  A hungry ghost (D:8)
  A human (D:7)
  3 hippogriffs
  4 orc warriors
  2 sky beasts
  An ice beast (D:6)
  An eye of draining (D:8)
  2 phantoms
  3 slaves (D:8)
  2 centaurs
  A big kobold (D:8)
  7 ogres
  4 giant frogs
  The ghost of oplop the Gusty, an average TeAE (D:3)
  A water moccasin zombie (D:6)
  3 jellies
  A water moccasin skeleton (D:5)
  3 wights (D:7)
  6 crimson imps
  9 orc wizards
  2 centaur zombies (D:7)
  4 orc priests
  4 hounds
  4 iguanas
  Jessica (D:3)
  2 centaur skeletons
  5 worker ants
  2 sheep (D:7)
  2 hound skeletons
  6 gnolls
  12 adders
  2 shadow imps
  A white imp (D:4)
  2 oozes (D:6)
  An adder zombie (D:7)
  3 adder skeletons
  A worm (D:3)
  5 giant geckos
  36 orcs
  14 bats
  2 bat skeletons
  16 goblins
  17 hobgoblins
  3 jackals (D:1)
  22 kobolds
  5 quokkas
  A ball python (D:2)
  6 giant cockroaches
  A giant gecko skeleton (D:6)
  A giant gecko zombie (D:8)
  6 giant newts
  A jackal zombie (D:7)
  A quokka skeleton (D:9)
  18 rats
  A ballistomycete (D:8)
288 creatures vanquished.

Vanquished Creatures (others)
  A slave (D:8)
  An orc (D:8)
  A hobgoblin (D:8)
  A giant spore (D:8)
4 creatures vanquished.

Grand Total: 292 creatures vanquished

Notes
Turn   | Place    | Note
--------------------------------------------------------------
     0 | D:1      | oplop, the Troll Transmuter, began the quest for the Orb.
     0 | D:1      | Reached XP level 1. HP: 18/18 MP: 1/1
    57 | D:1      | Reached skill level 1 in Fighting
   334 | D:1      | Reached XP level 2. HP: 17/27 MP: 2/2
  1064 | D:2      | Found Zin's Purification Station.
  1075 | D:2      | Found a glowing silver altar of Zin.
  1111 | D:2      | Reached XP level 3. HP: 29/33 MP: 1/3
  1128 | D:2      | Found an iron altar of Okawaru.
  1290 | D:2      | Found an opulent altar of Gozag.
  1291 | D:2      | Found Gozag's Platinum Reserve.
  1767 | D:3      | Reached XP level 4. HP: 33/42 MP: 4/4
  2129 | D:3      | Reached XP level 5. HP: 44/49 MP: 5/5
  2146 | D:3      | Noticed Sigmund
  2169 | D:3      | Killed Sigmund
  2169 | D:3      | Reached skill level 4 in Unarmed Combat
  2169 | D:3      | Reached XP level 6. HP: 31/59 MP: 6/6
  2223 | D:3      | Noticed Jessica
  2243 | D:3      | Killed Jessica
  2292 | D:3      | Noticed oplop's ghost (average TeAE)
  2312 | D:3      | Killed oplop's ghost
  2312 | D:3      | Reached skill level 5 in Unarmed Combat
  2599 | D:4      | Found a staircase to the Ecumenical Temple.
  2651 | Temple   | Entered the Ecumenical Temple
  2696 | Temple   | Became a worshipper of Cheibriados the Contemplative
  2809 | D:4      | Reached XP level 7. HP: 56/67 MP: 7/7
  3312 | D:4      | Learned a level 2 spell: Sticks to Snakes
  3337 | D:4      | Found a bloodstained altar of Trog.
  3439 | D:5      | Entered Level 5 of the Dungeon
  3452 | D:5      | Noticed oplop's ghost (average OpTm)
  3473 | D:5      | Killed oplop's ghost
  3649 | D:5      | Reached XP level 8. HP: 68/79 MP: 8/8
  3707 | D:5      | Acquired Cheibriados's first power
  3720 | D:5      | Reached skill level 1 in Invocations
  4101 | D:5      | Reached skill level 5 in Dodging
  4101 | D:5      | Reached skill level 6 in Unarmed Combat
  4384 | D:6      | Found Busur's Weapon Shop.
  4421 | D:6      | Reached skill level 5 in Fighting
  4620 | D:6      | Found a blossoming altar of Fedhas.
  4624 | D:6      | Acquired Cheibriados's second power
  4717 | D:6      | Found a staircase to the Ecumenical Temple.
  4825 | D:6      | Found an ancient bone altar of Kikubaaqudgha.
  5065 | D:7      | Acquired Cheibriados's third power
  5181 | D:7      | Reached XP level 9. HP: 73/88 MP: 6/10
  5197 | D:7      | Reached skill level 7 in Unarmed Combat
  5338 | D:7      | Found an ancient bone altar of Kikubaaqudgha.
  5443 | D:7      | Noticed Pikaro's ghost (experienced DgWn)
  5471 | D:7      | Found Jisaonteluy's Assorted Antiques.
  5564 | D:7      | Killed Pikaro's ghost
  5564 | D:7      | Reached skill level 8 in Unarmed Combat
  5564 | D:7      | Reached skill level 5 in Invocations
  5564 | D:7      | Reached XP level 10. HP: 92/100 MP: 12/12
  5610 | D:7      | Acquired Cheibriados's fourth power
  5769 | D:7      | Found a deep blue altar of Sif Muna.
  5809 | D:7      | Found a sparkling altar of Nemelex Xobeh.
  6002 | D:8      | Found a stormy altar of Qazlal.
  6038 | D:8      | Noticed Gastronok
  6058 | D:8      | Killed Gastronok
  6063 | D:8      | Reached skill level 9 in Unarmed Combat
  6240 | D:8      | Found a staircase to the Lair.
  6305 | D:8      | Noticed Pikel
  6323 | D:8      | Killed Pikel
  6329 | D:8      | Found a radiant altar of Vehumet.
  6334 | D:8      | Found a shimmering altar of Xom.
  6439 | D:8      | Reached XP level 11. HP: 104/109 MP: 11/15
  6712 | D:8      | Noticed Maurice
  6713 | D:8      | Noticed Joseph
  6726 | D:8      | Killed Joseph
  6862 | D:8      | Killed Maurice
  7062 | D:8      | Found a shadowy altar of Dithmenos.
  7265 | D:9      | Noticed ImmaFairy's ghost (experienced FoTm)
  7291 | D:9      | HP: 5/109 [ImmaFairy's ghost (12)]
  7293 | D:9      | Mangled by ImmaFairy's ghost

Action                   |  1- 3 |  4- 6 |  7- 9 | 10-12 || total
-------------------------+-------+-------+-------+-------++-------
Melee: Unarmed           |   116 |   123 |   382 |   217 ||   838
Throw: Tomahawk          |       |       |     2 |       ||     2
 Cast: Beastly Appendage |     4 |     2 |       |     7 ||    13
Invok: Bend Time         |       |       |     5 |     9 ||    14
       Slouch            |       |       |       |     3 ||     3
Evoke: Wand              |       |       |       |     2 ||     2
  Use: Potion            |       |     2 |       |     3 ||     5
       Scroll            |       |       |       |     7 ||     7
 Stab: Invisible         |       |     1 |       |       ||     1
       Sleeping          |       |       |     2 |     2 ||     4
  Eat: Chunk             |    10 |    20 |    22 |    11 ||    63
       Royal jelly       |     1 |       |       |       ||     1
